 Dungeon Crawl Stone Soup version 0.25-a0-558-g78a2afb0af (webtiles) character file.

Game seed: 15993746966866252401, levelgen mode: deterministic

610431 Morbidden the Warrior (level 27, -6/200 HPs)
             Began as a Gnoll Wanderer on Jan 3, 2020.
             Was the Champion of Okawaru.
             Splashed by a yellow draconian's acid (12 damage)
             ... on level 2 of the Realm of Zot on Feb 25, 2020.
             The game lasted 04:06:06 (60095 turns).

Morbidden the Warrior (Gnoll Wanderer)             Turns: 60095, Time: 04:06:06

Health: -6/200     AC: 23    Str: 29    XL:     27
Magic:  0/44       EV: 14    Int: 17    God:    Okawaru [******]
Gold:   5252       SH: 23    Dex: 21    Spells: 55/61 levels left

rFire    + + +     SeeInvis .   Z - +18 lance "Wyrmbane" {slay drac, rPois rF+ rC+ AC+3}
rCold    + + +     Gourm    .   p - +0 tower shield
rNeg     . . .     Faith    .   t - +7 gold dragon scales
rPois    +         Spirit   +   P - +2 helmet "Medusibb" {Regen+ Str+3}
rElec    .         Reflect  .   G - scarf {Spirit}
rCorr    .         Harm     .   j - +2 pair of gloves {archery}
MR       ++...                  E - +2 pair of boots {run}
Stlth    +.........             W - amulet of Salvation {Acrobat Str+2 Dex+3 Stlth+}
HPRegen  0.83/turn              Y - +4 ring of slaying
MPRegen  0.29/turn              C - ring of Liberty {rPois rF+ rC+ Int+2}

@: corroded, constricted, quick
A: distributed training, fangs 1, frail 1, strong nose
}: 3/15 runes: decaying, serpentine, silver
a: Heroism, Finesse, Renounce Religion


You were on level 2 of the Realm of Zot.
You worshipped Okawaru.
Okawaru was exalted by your worship.
You were completely stuffed.

You visited 10 branches of the dungeon, and saw 47 of its levels.
You visited the Abyss 1 time.
You visited 1 bazaar.
You also visited: Ossuary, Bailey, Gauntlet, Ice Cave, Volcano and Desolation.

You collected 12414 gold pieces.
You spent 7162 gold pieces at shops.

Inventory:

Hand Weapons
 a - the +9 staff of Olgreb {rPois∞}
   (You found it on level 13 of the Dungeon)

   It grants immunity to poison.
 b - the +8 longbow "Zephyr" {speed, Dex+3 SInv}
   (Okawaru gifted it to you on level 12 of the Dungeon)

   Attacks with this weapon are significantly faster.
   It affects your dexterity (+3).
   It lets you see invisible.
 Z - the +18 lance "Wyrmbane" (weapon) {slay drac, rPois rF+ rC+ AC+3}
   (You bought it in a shop on level 7 of the Dungeon)

   It affects your AC (+3).
   It protects you from fire.
   It protects you from cold.
   It protects you from poison.
Missiles
 c - 19 curare-tipped darts
 d - 1007 arrows
 k - 45 javelins
 u - 14 throwing nets
 z - 2104 bolts
 D - 3 silver javelins
 F - 9 datura-tipped darts
 J - 17 atropa-tipped darts (quivered)
Armour
 j - a +2 pair of gloves of archery (worn)
 p - a +0 tower shield (worn)
 t - +7 gold dragon scales (worn)
 E - a +2 pair of boots of running (worn)
 G - a scarf of spirit shield (worn)
 P - the +2 helmet "Medusibb" (worn) {Regen+ Str+3}
   (Okawaru gifted it to you on level 2 of the Abyss)

   It affects your strength (+3).
   It increases your rate of regeneration.
   If you remove this armour, your AC will decrease by 4 (23 -> 19).
Jewellery
 C - the ring of Liberty (right hand) {rPois rF+ rC+ Int+2}
   (You bought it in a shop in a bazaar)

   [ring of poison resistance]

   It affects your intelligence (+2).
   It protects you from fire.
   It protects you from cold.
   It protects you from poison.
 R - the ring of Fupnu Wikhi {MR+ Slay+3}
   (You bought it in a shop on level 2 of the Orcish Mines)

   [ring of slaying]

   It affects your accuracy and damage with ranged weapons and melee attacks
   (+3).
   It affects your resistance to hostile enchantments.
 W - the amulet of Salvation (around neck) {Acrobat Str+2 Dex+3 Stlth+}
   (You found it in a Gauntlet)

   [amulet of the acrobat]

   It helps you evade while moving and waiting.
   It affects your strength (+2).
   It affects your dexterity (+3).
   It makes you more stealthy.
 Y - a +4 ring of slaying (left hand)
Wands
 g - a wand of acid (8)
 l - a wand of iceblast (16)
 w - a wand of paralysis (29)
 Q - a wand of flame (12)
 S - a wand of clouds (9)
 T - a wand of disintegration (32)
 V - a wand of digging (10)
Scrolls
 e - 28 scrolls of remove curse
 i - 29 scrolls of teleportation
 m - 7 scrolls of fear
 x - 3 scrolls of magic mapping
 y - 2 scrolls of silence
 H - 8 scrolls of enchant weapon
 I - 2 scrolls of fog
 L - 2 scrolls of blinking
 U - 7 scrolls of identify
Potions
 h - 11 potions of flight
 n - 6 potions of might
 o - 18 potions of curing
 q - 4 potions of mutation
 r - 2 potions of invisibility
 s - 3 potions of ambrosia
 A - 5 potions of stabbing
 B - 7 potions of berserk rage
 N - 2 potions of heal wounds
 O - 6 potions of haste
 X - a potion of resistance
Miscellaneous
 v - 3 boxes of beasts
 K - 2 phantom mirrors
 M - a lamp of fire (inert)
Comestibles
 f - 90 rations


   Skills:
 + Level 19.7 Fighting
 + Level 17.7 Short Blades
 + Level 17.7 Long Blades
 + Level 17.7 Axes
 + Level 17.7 Maces & Flails
 + Level 17.7 Polearms
 + Level 17.7 Staves
 + Level 17.7 Slings
 + Level 17.9 Bows
 + Level 17.7 Crossbows
 + Level 18.1 Throwing
 + Level 18.1 Armour
 + Level 17.7 Dodging
 + Level 17.7 Stealth
 + Level 17.7 Shields
 + Level 17.7 Unarmed Combat
 + Level 17.7 Spellcasting
 + Level 15.3 Conjurations
 + Level 15.3 Hexes
 + Level 15.3 Charms
 + Level 15.3 Summonings
 + Level 15.3 Necromancy
 + Level 15.3 Translocations
 + Level 15.3 Transmutations
 + Level 15.3 Fire Magic
 + Level 15.3 Ice Magic
 + Level 15.3 Air Magic
 + Level 15.3 Earth Magic
 + Level 15.3 Poison Magic
 + Level 19.0 Invocations
 + Level 17.7 Evocations


You had 55 spell levels left.
You knew the following spells:

 Your Spells              Type           Power        Failure   Level  Hunger
a - Starburst             Conj/Fire      ######....   34%         6    #####..

Your spell library contained the following spells:

 Spells                   Type           Power        Failure   Level  Hunger
 Animate Skeleton         Necr           N/A          1%          1    None
 Apportation              Tloc           ######       1%          1    None
 Beastly Appendage        Tmut           ######       1%          1    None
 Corona                   Hex            ######.      1%          1    None
 Infusion                 Chrm           ####         1%          1    None
 Magic Dart               Conj           ####         1%          1    None
 Pain                     Necr           ####         1%          1    None
 Sandblast                Erth           ######       1%          1    None
 Shock                    Conj/Air       ####         1%          1    None
 Sting                    Tmut/Pois      ####         1%          1    None
 Summon Small Mammal      Summ           ####         1%          1    None
 Blink                    Tloc           N/A          1%          2    None
 Call Imp                 Summ           ######..     1%          2    None
 Corpse Rot               Necr/Air       N/A          1%          2    None
 Passwall                 Tmut/Erth      ######..     1%          2    None
 Poisonous Vapours        Pois/Air       ######       1%          2    None
 Shroud of Golubria       Chrm/Tloc      ######       1%          2    None
 Slow                     Hex            ######..     1%          2    None
 Song of Slaying          Chrm           ######..     1%          2    None
 Sticks to Snakes         Tmut           ######..     1%          2    None
 Sublimation of Blood     Necr           ######....   1%          2    None
 Swiftness                Chrm/Air       ######..     1%          2    None
 Call Canine Familiar     Summ           ######..     1%          3    None
 Confuse                  Hex            ######..     1%          3    None
 Confusing Touch          Hex            ######..     1%          3    None
 Conjure Flame            Conj/Fire      ######..     1%          3    None
 Dazzling Flash           Conj/Hex       ######       1%          3    None
 Gell's Gravitas          Tloc           ######....   1%          3    None
 Ignite Poison            Fire/Tmut/Pois ######..     1%          3    None
 Inner Flame              Hex/Fire       ######..     1%          3    None
 Lesser Beckoning         Tloc           ######....   1%          3    None
 Mephitic Cloud           Conj/Pois/Air  ######..     1%          3    None
 Ozocubu's Armour         Chrm/Ice       ######..     1%          3    None
 Portal Projectile        Hex/Tloc       ######       1%          3    None
 Recall                   Summ/Tloc      N/A          1%          3    None
 Spectral Weapon          Hex/Chrm       ######..     1%          3    None
 Spider Form              Tmut/Pois      ######....   1%          3    None
 Static Discharge         Conj/Air       ######..     1%          3    None
 Stone Arrow              Conj/Erth      ######       1%          3    None
 Summon Guardian Golem    Hex/Summ       ######..     1%          3    None
 Teleport Other           Tloc           ######..     1%          3    None
 Vampiric Draining        Necr           ######....   1%          3    None
 Airstrike                Air            ######....   2%          4    None
 Animate Dead             Necr           N/A          2%          4    None
 Cause Fear               Hex            ######....   2%          4    None
 Ice Form                 Ice/Tmut       ######..     2%          4    None
 Leda's Liquefaction      Hex/Erth       ######....   2%          4    None
 Olgreb's Toxic Radiance  Pois           ######..     2%          4    None
 Passage of Golubria      Tloc           N/A          2%          4    None
 Petrify                  Tmut/Erth      ######..     2%          4    None
 Sticky Flame             Conj/Fire      ######..     2%          4    None
 Summon Lightning Spire   Summ/Air       ######..     2%          4    None
 Agony                    Necr           ######..     6%          5    ###....
 Alistair's Intoxication  Tmut/Pois      ######..     6%          5    ###....
 Blade Hands              Tmut           ######....   6%          5    ###....
 Bolt of Magma            Conj/Fire/Erth ######....   6%          5    ###....
 Borgnjor's Vile Clutch   Necr/Erth      ######....   6%          5    ###....
 Fireball                 Conj/Fire      ######....   6%          5    ###....
 Irradiate                Conj/Tmut      ######....   6%          5    ###....
 Lee's Rapid Deconstruct  Erth           ######....   6%          5    ###....
 Lightning Bolt           Conj/Air       ######....   6%          5    ###....
 Metabolic Englaciation   Hex/Ice        ######....   6%          5    ###....
 Silence                  Hex/Air        ######....   6%          5    ###....
 Summon Forest            Summ/Tloc      ######....   6%          5    ###....
 Yara's Violent Unravell  Hex/Tmut       ######....   6%          5    ###....
 Conjure Ball Lightning   Conj/Air       ######....   34%         6    #####..
 Death Channel            Necr           ######....   34%         6    #####..
 Deflect Missiles         Chrm/Air       ######....   34%         6    #####..
 Eringya's Noxious Bog    Tmut/Pois      ######....   34%         6    #####..
 Freezing Cloud           Conj/Ice/Air   ######....   34%         6    #####..
 Hydra Form               Tmut           ######....   34%         6    #####..
 Iron Shot                Conj/Erth      ######....   34%         6    #####..
 Ozocubu's Refrigeration  Ice            ######....   34%         6    #####..
 Simulacrum               Ice/Necr       ######....   34%         6    #####..
 Statue Form              Tmut/Erth      ######...    34%         6    #####..
 Ring of Flames           Chrm/Fire      ######....   89%         7    ######.
 Summon Hydra             Summ           ######....   89%         7    ######.
 Chain Lightning          Conj/Air       ######....   100%        8    #######
 Discord                  Hex            ######....   100%        8    #######
 Ignition                 Fire           ######....   100%        8    #######
 Lehudib's Crystal Spear  Conj/Erth      ######....   100%        8    #######
 Fire Storm               Conj/Fire      ######....   100%        9    #######
 Glaciate                 Conj/Ice       ######....   100%        9    #######
 Shatter                  Erth           ######....   100%        9    #######
 Tornado                  Air            ######....   100%        9    #######


Dungeon Overview and Level Annotations

Branches:
Dungeon (15/15)            Temple (1/1) D:5            Lair (6/6) D:11
  Swamp (4/4) Lair:2        Snake (4/4) Lair:3        Slime (0/5) Lair:6
    Orc (2/2) D:12            Elf (3/3) Orc:2        Vaults (5/5) D:13
  Crypt (0/3) Vaults:2     Depths (5/5) D:15            Zot (2/5) Depths:5
Ossuary (visited)          Bailey (visited)           IceCv (visited)
Volcano (visited)         Desolation (visited)      Gauntlet (visited)

Altars:
Ashenzari
Cheibriados
Dithmenos
Elyvilon
Fedhas
Gozag
Hepliaklqana
Kikubaaqudgha
Makhleb
Nemelex Xobeh
Okawaru
Qazlal
Ru
Sif Muna
Trog
Uskayaw
Vehumet
Wu Jian
Xom
Yredelemnul
Zin
The Shining One
Beogh

Shops:
D:4 =   D:6 =   D:7 (=:%   D:9 *%*[   Orc:2 *[*:   Elf:1 :   Elf:2 *   Elf:3 :
Snake:1 !   Snake:3 [   Vaults:1 :%*}?   Vaults:2 }   Vaults:3 }
Vaults:5 %%%!%%??   Depths:1 *(?

Portals:
Hell: Depths:1 Depths:2 Depths:3 Depths:4 Depths:5
Abyss: Swamp:3 Depths:2 Depths:3 Depths:4
Pandemonium: Orc:2 Depths:2 Depths:3 Depths:4 Depths:5
Ziggurat: Depths:4

Annotations:
D:14 2 transporters, Unolaf's ghost, journeyman KoBe
D:15 3 runed translucent doors, Ecaigufucu's ghost, journeyman GrEE
Snake:3 1 runed translucent door, Izya's ghost, adept GnTm
Vaults:3 8 runed translucent doors, Ruit's ghost, veteran MiFi


Innate Abilities, Weirdness & Mutations

Your experience applies equally to all skills.
You have very sharp teeth.
Your uncanny sense of smell can sniff out nearby items.
You are frail. (-10% HP)


Message History

The acid blob is engulfed in blazing flames.
The acid blob spits acid at you.
The splash of acid hits you but does no damage.
You are splashed with acid!
* * * LOW HITPOINT WARNING * * *
The tentacled monstrosity is engulfed in blazing flames.
The tentacled monstrosity completely misses you.
You block the tentacled monstrosity's attack.
The tentacled monstrosity tentacle-slaps you but does no damage.
The tentacled monstrosity grabs you.
* * * LOW HITPOINT WARNING * * *
The tentacled monstrosity constricts you!
The acid blob is engulfed in blazing flames.
You kill the acid blob!
Okawaru accepts your kill.
The yellow draconian throws acid at you.
The glob of acid hits you!
* * * LOW HITPOINT WARNING * * *
The acid corrodes you!
You are splashed with acid!
You die...

.#...##..##
....§...#...##
.....§§#......##
.....§§§§......## #
....#§§§§......##
.##.....§§§§§.......#
##.#..##.§§§§§J.....#
#§....#.#§§§§§X@...#
#.......§.§§§q§...##
#.......§q....§..##
#.q..#....§§§§..##
#...#...§§.....##
##.............##
#..#......d.%.##
#..##....##..##
.#..[......)##


You could see a tentacled monstrosity, an acid blob, a yellow draconian, a green
draconian annihilator and a red draconian scorcher.

Vanquished Creatures
  An orb of fire (Zot:1)
  Mara (Vaults:5)
  A caustic shrike (Depths:4)
  9 golden dragons
  3 bone dragons (Depths:5)
  the Enchantress (Depths:3)
  2 electric golems (Zot:1)
  12 tentacled monstrosities
  2 liches
  Rupert (Lair:5)
  2 deep elf master archers (Elf:3)
  4 titans (Vaults:5)
  A deep elf blademaster (Elf:3)
  4 tentacled starspawn
  An acid blob (Zot:2)
  8 sphinxes
  Gastronok (D:12)
  3 death cobs
  4 thorn hunters
  9 tengu reavers
  10 shadow dragons
  A revenant (Vaults:2)
  10 nagarajas
  3 draconian monks
  4 storm dragons
  9 deep elf sorcerers
  3 draconian knights (Zot:1)
  11 frost giants
  5 draconian scorchers
  14 vault wardens
  5 fire giants
  3 imperial myrmidons (Desolation)
  2 draconian stormcallers (Depths:5)
  5 draconian shifters
  5 deep elf elementalists
  A ghost moth (Zot:2)
  The ghost of RedPan the Thaumaturge, a journeyman DrIE of Vehumet (Swamp:3)
  An iron dragon (Vaults:5)
  The ghost of Dommiel19 the Severer, a journeyman MiBe of Trog (Lair:6)
  16 ironheart preservers
  A draconian annihilator (Depths:5)
  6 spriggan defenders
  35 very ugly things
  3 war gargoyles (Vaults:5)
  28 stone giants
  Nessos (Lair:5)
  3 vampire knights
  9 green draconians
  7 black draconians
  4 purple draconians
  4 deep elf demonologists
  8 deep elf annihilators
  4 white draconians
  5 dire elephants (Lair:6)
  6 yellow draconians
  6 red draconians
  A halazid warlock (Desolation)
  A minotaur (Gauntlet)
  A lorocyproca (Depths:5)
  8 ettins
  8 deep elf death magi
  A green death (Abyss:2)
  12 fire dragons
  A merfolk impaler (Depths:3)
  2 crystal guardians
  2 jiangshi (Depths:4)
  19 ogre magi
  7 ragged hierophants (Desolation)
  9 great orbs of eyes
  8 deep elf high priests
  17 yaktaur captains
  3 rakshasas
  2 shambling mangroves
  11 ice dragons
  35 vault guards
  18 naga warriors
  7 servants of whispers (Desolation)
  8 peacekeepers (Desolation)
  A monstrous demonspawn (Depths:5)
  3 spriggan air magi
  33 hydras
  4 ghost crabs
  11 anacondas
  38 two-headed ogres
  11 alligators
  3 death knights
  27 dancing weapons
  A catoblepas (Lair:4)
  9 centaur warriors
  9 death yaks
  6 deep troll shamans
  2 vampire magi
  A death scarab (Gauntlet)
  12 tengu warriors
  6 deep troll earth magi
  6 orc high priests (Orc:2)
  5 spriggan berserkers
  A hell hog (Swamp:3)
  Urug (D:12)
  10 naga sharpshooters
  A soul eater (Vaults:2)
  7 shock serpents
  2 shock serpents (shapeshifter)
  A thrashing horror (Abyss:2)
  23 deep elf knights
  Nergalle (D:12)
  2 iron trolls
  2 spatial maelstroms (Abyss:2)
  3 shadow wraiths
  3 fire crabs (shapeshifter)
  4 sea snakes (Snake:2)
  3 salamander mystics
  2 wretched stars (Abyss:2)
  A sixfirhy (Depths:2)
  2 spriggan druids
  2 unseen horrors (shapeshifter)
  5 skeletal warriors
  A spectral death yak (Gauntlet)
  2 gelid demonspawn (Orc:2)
  An unseen horror (D:15)
  19 deep elf archers
  14 wizards
  2 glowing orange brains
  8 hell knights
  A deep troll (shapeshifter) (Vaults:5)
  2 torturous demonspawn (Orc:2)
  A tengu zombie (Depths:2)
  4 flayed ghosts
  31 deep trolls
  8 naga ritualists
  18 swamp dragons
  3 harpies (Vaults:4)
  16 ironbrand convokers
  6 phantasmal warriors
  A shadow dragon zombie (Depths:2)
  A shadow demon (Depths:2)
  3 necromancers
  An anaconda skeleton (Abyss:2)
  18 orc knights
  69 deep elf magi
  A wolf spider zombie (D:15)
  7 orc sorcerers
  2 harpies (shapeshifter)
  A fire giant zombie (Abyss:2)
  5 mana vipers
  65 ugly things
  3 stone giant zombies
  5 manticores
  15 elephants
  2 tengu skeletons
  A salamander (shapeshifter) (Depths:5)
  3 cyclopes
  4 wolf spiders
  5 toenail golems (Volcano)
  2 worldbinders
  17 salamanders
  11 guardian serpents
  A water nymph (shapeshifter) (Vaults:3)
  9 moths of wrath
  A human skeleton (Vaults:5)
  A black mamba (shapeshifter) (D:13)
  An apocalypse crab (Abyss:2)
  17 vault sentinels
  A rust devil (Abyss:2)
  47 black mambas
  2 smoke demons
  A centaur zombie (D:11)
  A guardian serpent (shapeshifter) (Vaults:5)
  2 torpor snails
  2 ice statues (IceCv)
  A molten gargoyle (Desolation)
  2 gargoyles
  32 naga magi
  An orange demon (Depths:5)
  A hellion (Swamp:3)
  3 rime drakes
  4 freezing wraiths
  2 kobold demonologists
  8 komodo dragons
  A spriggan zombie (Depths:2)
  7 centaur skeletons
  16 spiny frogs
  7 ice devils
  A yaktaur (shapeshifter) (Vaults:4)
  5 starcursed masses (Swamp:3)
  2 hellwings
  A rime drake (shapeshifter) (Vaults:5)
  44 yaktaurs
  A red devil (Depths:1)
  3 polar bears (shapeshifter)
  A meliai (shapeshifter) (Depths:3)
  2 meliai (Lair:6)
  3 tengu conjurers
  17 hornets
  9 tyrant leeches
  A queen bee (shapeshifter) (Vaults:5)
  A shadow dragon simulacrum (Depths:2)
  8 trolls
  10 blink frogs
  2 queen bees
  65 saltlings (Desolation)
  9 hippogriffs
  A wolf spider simulacrum (D:15)
  A blink frog (shapeshifter) (Elf:1)
  A snapping turtle (shapeshifter) (Depths:4)
  42 slime creatures
  Grinder (D:5)
  9 bog bodies
  A hippogriff (shapeshifter) (Vaults:3)
  An ettin zombie (Vaults:1)
  A meliai zombie (D:12)
  2 centaur simulacra (Gauntlet)
  4 shadows
  3 ynoxinuls
  6 spriggans
  20 water elementals
  2 hogs (shapeshifter)
  A yak (shapeshifter) (Vaults:1)
  A tarantella (shapeshifter) (Vaults:5)
  3 wraiths
  A spriggan (shapeshifter) (Depths:1)
  3 wyverns
  3 basilisks
  43 yaks
  3 air elementals (Elf:1)
  9 humans (D:13)
  A neqoxec (Abyss:2)
  A chaos spawn (Abyss:2)
  Eustachio (D:5)
  A human (shapeshifter) (Vaults:3)
  6 hungry ghosts
  29 vampire mosquitoes
  12 insubstantial wisps
  59 nagas
  14 swamp worms
  2 soldier ants (D:13)
  5 spatial vortices (Abyss:2)
  A water moccasin (shapeshifter) (Depths:4)
  8 wargs
  7 small abominations
  A soldier ant (shapeshifter) (Vaults:3)
  A porcupine (shapeshifter) (Vaults:5)
  A floating eye (shapeshifter) (Vaults:4)
  2 acid dragons
  19 water moccasins
  2 hell hounds (Lair:5)
  5 porcupines
  12 ice beasts
  A sky beast (shapeshifter) (Vaults:1)
  A hornet zombie (Vaults:1)
  5 large abominations
  47 orc warriors
  An ice dragon simulacrum (Gauntlet)
  A necrophage (D:11)
  An eye of draining (shapeshifter) (Vaults:4)
  3 sky beasts
  12 swamp drakes
  An ettin simulacrum (Vaults:3)
  44 ogres
  An elf skeleton (Vaults:1)
  7 boggarts
  5 phantoms
  An eye of draining (D:12)
  4 wolves (D:11)
  16 centaurs
  9 crocodiles
  4 big kobolds
  18 bullfrogs
  9 gnoll sergeants
  3 earth elementals
  A wyvern skeleton (D:13)
  A wyvern zombie (D:14)
  5 scorpions
  38 killer bees
  2 human simulacra
  3 howler monkeys
  7 electric eels
  A bullfrog zombie (D:11)
  3 jellies
  8 crimson imps
  12 hounds
  3 quasits
  24 orc priests
  22 orc wizards
  2 bullfrog skeletons
  6 gnoll shamans (Bailey)
  3 iron imps (Depths:5)
  Jessica (D:3)
  6 iguanas
  11 hell rats
  13 worker ants
  A killer bee zombie (D:5)
  A hound zombie (D:8)
  A hound skeleton (D:11)
  9 mummies
  Robin (D:4)
  10 adders
  23 gnolls
  8 river rats (Lair:4)
  7 shadow imps
  9 white imps
  12 ufetubi (IceCv)
  An adder skeleton (D:5)
  3 worms (D:2)
  2 dart slugs
  7 leopard geckos
  84 orcs
  5 bats
  2 giant cockroaches
  2 gnoll zombies (Ossuary)
  11 hobgoblins
  3 jackals
  6 quokkas
  4 frilled lizards
  14 goblins
  5 hobgoblin zombies (Ossuary)
  23 kobolds
  A kobold zombie (D:5)
  2 orc zombies
  12 rats
  8 briar patches (Depths:3)
  8 crawling corpses
  A fungus (Lair:6)
  6 plants
  3 starspawn tentacles (Swamp:3)
2503 creatures vanquished.

Vanquished Creatures (collateral kills)
  A very ugly thing (Depths:1)
  A draconian stormcaller (Zot:1)
  A red draconian (Zot:1)
  3 two-headed ogres
  A deep troll earth mage (Depths:2)
  A rust devil (Depths:2)
  2 yaktaurs (Depths:1)
  2 slime creatures
  A boggart (Depths:2)
13 creatures vanquished.

Vanquished Creatures (others)
  A fire giant (Depths:4)
  A draconian knight (Zot:1)
  A draconian shifter (Zot:1)
  A reaper (IceCv)
  A black draconian (Zot:1)
  3 two-headed ogres
  A dancing weapon (Elf:3)
  A deep troll earth mage (Depths:1)
  A necromancer (Depths:2)
  2 deep trolls (Depths:1)
  A yaktaur (Depths:2)
  2 slime creatures (Depths:1)
  A tyrant leech (Swamp:3)
  2 spriggans (Swamp:4)
  A human (D:13)
  A swamp worm (Swamp:3)
  2 ogres (Vaults:1)
  An orc wizard (D:8)
  A white imp (IceCv)
  2 ufetubi (IceCv)
  4 fungi
  16 plants
  8 starspawn tentacles
55 creatures vanquished.

Grand Total: 2571 creatures vanquished

Notes
Turn   | Place    | Note
-------+----------+-------------------------------------------
     0 | D:1      | Reached skill level 10 in Fighting
     0 | D:1      | Morbidden the Gnoll Wanderer began the quest for the Orb.
     0 | D:1      | Morbidden set off with the following items: a +2 dagger, 3
                  | curare-tipped darts, a +0 shortbow, 28 arrows, a +0 ring
                  | mail, a ration
     0 | D:1      | Reached XP level 1. HP: 28/28 MP: 1/1
   337 | D:1      | Reached XP level 2. HP: 36/36 MP: 2/2
   979 | D:2      | Reached XP level 3. HP: 42/42 MP: 3/3
  1178 | D:1      | Reached skill level 1 in Invocations
  1258 | D:2      | Found an opulent altar of Gozag.
  1293 | D:2      | Reached skill level 1 in Short Blades
  1293 | D:2      | Reached skill level 1 in Long Blades
  1293 | D:2      | Reached skill level 1 in Axes
  1293 | D:2      | Reached skill level 1 in Maces & Flails
  1293 | D:2      | Reached skill level 1 in Polearms
  1293 | D:2      | Reached skill level 1 in Staves
  1293 | D:2      | Reached skill level 1 in Slings
  1293 | D:2      | Reached skill level 1 in Crossbows
  1293 | D:2      | Reached skill level 1 in Dodging
  1293 | D:2      | Reached skill level 1 in Stealth
  1293 | D:2      | Reached skill level 1 in Shields
  1293 | D:2      | Reached skill level 1 in Unarmed Combat
  1293 | D:2      | Reached skill level 1 in Spellcasting
  1293 | D:2      | Reached skill level 1 in Evocations
  1316 | D:2      | Found a shadowy altar of Dithmenos.
  1365 | D:2      | Reached XP level 4. HP: 39/48 MP: 5/5
  1695 | D:2      | Reached skill level 1 in Conjurations
  1695 | D:2      | Reached skill level 1 in Hexes
  1695 | D:2      | Reached skill level 1 in Charms
  1695 | D:2      | Reached skill level 1 in Summonings
  1695 | D:2      | Reached skill level 1 in Necromancy
  1695 | D:2      | Reached skill level 1 in Translocations
  1695 | D:2      | Reached skill level 1 in Transmutations
  1695 | D:2      | Reached skill level 1 in Fire Magic
  1695 | D:2      | Reached skill level 1 in Ice Magic
  1695 | D:2      | Reached skill level 1 in Air Magic
  1695 | D:2      | Reached skill level 1 in Earth Magic
  1695 | D:2      | Reached skill level 1 in Poison Magic
  1963 | D:3      | Noticed Jessica
  1968 | D:3      | Killed Jessica
  1968 | D:3      | Reached XP level 5. HP: 54/54 MP: 6/6
  3023 | D:4      | Reached XP level 6. HP: 61/61 MP: 8/8
  3151 | D:4      | Reached skill level 5 in Throwing
  3151 | D:4      | Reached skill level 5 in Armour
  3295 | D:4      | Found Mesaps's Jewellery Shoppe.
  3357 | D:4      | Noticed Robin
  3368 | D:4      | Killed Robin
  3515 | D:4      | Noticed a phantom
  3529 | D:4      | Killed a phantom
  3529 | D:4      | Reached XP level 7. HP: 65/67 MP: 10/10
  3651 | D:5      | Entered Level 5 of the Dungeon
  3691 | D:5      | Noticed Grinder
  3696 | D:5      | Paralysed by Grinder for 5 turns
  3704 | D:5      | Paralysed by Grinder for 3 turns
  3713 | D:5      | Killed Grinder
  3753 | D:5      | Noticed Eustachio
  3760 | D:5      | Killed Eustachio
  3791 | D:5      | Reached XP level 8. HP: 17/74 MP: 12/12
  3929 | D:5      | Found a sand-covered staircase.
  4013 | Ossuary  | Entered an ossuary
  4610 | D:5      | Found a staircase to the Ecumenical Temple.
  5094 | Temple   | Entered the Ecumenical Temple
  5109 | Temple   | Became a worshipper of Warmaster Okawaru
  5506 | D:6      | Got an ancient leather armour
  5507 | D:6      | Identified the cursed +0 leather armour of Paediq {rElec
                  | Int+3} (You found it on level 6 of the Dungeon)
  5543 | D:6      | Reached XP level 9. HP: 81/81 MP: 14/14
  5577 | D:6      | Found a sacrificial altar of Ru.
  5602 | D:6      | Reached * piety under Okawaru
  5699 | D:6      | Found Uxoos's Jewellery Shoppe.
  6039 | D:7      | Found Buteno's Book Shop.
  6039 | D:7      | Found a white marble altar of Elyvilon.
  6039 | D:7      | Found a radiant altar of Vehumet.
  6266 | D:7      | Reached skill level 5 in Bows
  6267 | D:7      | Found Laguepra's Food Shoppe.
  6393 | D:7      | Reached ** piety under Okawaru
  6499 | D:7      | Found a glowing golden altar of the Shining One.
  6572 | D:7      | Found Seloicag's Weapon Boutique.
  6591 | D:7      | Found Qiataer's Jewellery Shop.
  6636 | D:7      | Noticed a green ugly thing
  6656 | D:7      | Killed a green ugly thing
  6656 | D:7      | Reached skill level 5 in Invocations
  6909 | D:8      | Reached XP level 10. HP: 88/88 MP: 17/17
  7391 | D:8      | Reached *** piety under Okawaru
  7478 | D:8      | Reached skill level 5 in Short Blades
  7478 | D:8      | Reached skill level 5 in Long Blades
  7478 | D:8      | Reached skill level 5 in Axes
  7478 | D:8      | Reached skill level 5 in Maces & Flails
  7478 | D:8      | Reached skill level 5 in Polearms
  7478 | D:8      | Reached skill level 5 in Staves
  7478 | D:8      | Reached skill level 5 in Slings
  7478 | D:8      | Reached skill level 5 in Crossbows
  7478 | D:8      | Reached skill level 5 in Dodging
  7478 | D:8      | Reached skill level 5 in Stealth
  7478 | D:8      | Reached skill level 5 in Shields
  7478 | D:8      | Reached skill level 5 in Unarmed Combat
  7478 | D:8      | Reached skill level 5 in Spellcasting
  7478 | D:8      | Reached skill level 5 in Evocations
  8020 | D:9      | Found a sparkling altar of Nemelex Xobeh.
  8020 | D:9      | Found a shattered altar of Ashenzari.
  8340 | D:9      | Found Gaagiseq's Armour Emporium.
  8437 | D:9      | Found Leso's General Store.
  8465 | D:9      | Found Vuuties's Food Shop.
  8567 | D:9      | Found Jebaboa's General Store.
  8953 | D:10     | Entered Level 10 of the Dungeon
  9103 | D:10     | Reached **** piety under Okawaru
  9467 | D:10     | Got a faintly glowing hand axe
  9468 | D:10     | Identified the +6 hand axe of Pusebb {freeze, *Slow rC-
                  | Str+9 Stlth+} (You found it on level 10 of the Dungeon)
 10125 | D:11     | Found a flagged portal.
 10165 | Bailey   | Entered a bailey
 10347 | Bailey   | Reached XP level 11. HP: 48/95 MP: 19/19
 10435 | Bailey   | Got a bloodstained scale mail
 10447 | Bailey   | Identified the +3 scale mail "Udoakul" {rPois Str+2} (You
                  | found it in a bailey)
 11000 | D:11     | Received a gift from Okawaru
 11003 | D:11     | Noticed a manticore
 11009 | D:11     | Killed a manticore
 11032 | D:11     | Reached skill level 5 in Conjurations
 11032 | D:11     | Reached skill level 5 in Hexes
 11032 | D:11     | Reached skill level 5 in Charms
 11032 | D:11     | Reached skill level 5 in Summonings
 11032 | D:11     | Reached skill level 5 in Necromancy
 11032 | D:11     | Reached skill level 5 in Translocations
 11032 | D:11     | Reached skill level 5 in Transmutations
 11032 | D:11     | Reached skill level 5 in Fire Magic
 11032 | D:11     | Reached skill level 5 in Ice Magic
 11032 | D:11     | Reached skill level 5 in Air Magic
 11032 | D:11     | Reached skill level 5 in Earth Magic
 11032 | D:11     | Reached skill level 5 in Poison Magic
 11302 | D:11     | Received a gift from Okawaru
 11461 | D:11     | Reached ***** piety under Okawaru
 11636 | D:7      | Bought the +8 lance "Wyrmbane" {slay drac, rPois rF+ rC+
                  | AC+3} for 808 gold pieces
 11636 | D:7      | Found the +8 lance "Wyrmbane" {slay drac, rPois rF+ rC+
                  | AC+3}
 11681 | D:9      | Bought a +0 shield for 49 gold pieces
 11839 | D:11     | Noticed a red ugly thing
 11850 | D:11     | Killed a red ugly thing
 12048 | D:11     | Found a staircase to the Lair.
 12082 | D:11     | Noticed a red ugly thing
 12086 | D:11     | Noticed a green ugly thing
 12110 | D:11     | Killed a red ugly thing
 12110 | D:11     | Received a gift from Okawaru
 12118 | D:11     | Killed a red ugly thing
 12315 | D:11     | Received a gift from Okawaru
 12316 | D:11     | Noticed a cyclops
 12334 | D:11     | Killed a cyclops
 12343 | D:11     | Upgraded the game from 0.25-a0-356-g7c9d860b3b to
                  | 0.25-a0-362-g90ccd6aac3
 12782 | D:12     | Received a gift from Okawaru
 12783 | D:12     | Found the +8 longbow "Zephyr" {speed, Dex+3 SInv}
 12818 | D:12     | Noticed Nergalle
 12851 | D:12     | Reached XP level 12. HP: 89/102 MP: 19/22
 12869 | D:12     | Killed Nergalle
 13151 | D:12     | Noticed Urug
 13164 | D:12     | Killed Urug
 13170 | D:12     | Noticed Gastronok
 13327 | D:12     | Killed Gastronok
 13520 | D:12     | Found a staircase to the Orcish Mines.
 13530 | D:12     | Received a gift from Okawaru
 13590 | D:12     | Received a gift from Okawaru
 13953 | D:13     | Noticed a two-headed ogre
 13964 | D:13     | Killed a two-headed ogre
 14105 | D:13     | Noticed a vault guard
 14132 | D:13     | Killed a vault guard
 14134 | D:13     | Reached XP level 13. HP: 109/109 MP: 17/24
 14165 | D:13     | Noticed a vault guard
 14179 | D:13     | Killed a vault guard
 14179 | D:13     | Received a gift from Okawaru
 14325 | D:13     | Found the +9 staff of Olgreb {rPois∞}
 14683 | D:13     | Found a gate to the Vaults.
 14689 | D:13     | Identified the cursed +0 great mace "Daiffang" {venom, rC+
                  | MP+9 Str+3} (You found it on level 13 of the Dungeon)
 15206 | D:14     | Found an ornate altar of the Wu Jian Council.
 15338 | D:14     | Found a transporter.
 15339 | D:14     | Noticed Unolaf's ghost (journeyman KoBe)
 15425 | D:14     | Got an encrusted quarterstaff
 15426 | D:14     | Identified the +9 quarterstaff "Ofevuthra" {antimagic,
                  | *Drain +Inv rF+} (You found it on level 14 of the Dungeon)
 15718 | D:14     | Found a transporter.
 15785 | D:15     | Entered Level 15 of the Dungeon
 16004 | D:15     | Received a gift from Okawaru
 16004 | D:15     | Reached ****** piety under Okawaru
 16020 | D:15     | Noticed an ice dragon
 16026 | D:15     | Noticed a fire dragon
 16028 | D:15     | Killed an ice dragon
 16044 | D:15     | Killed a fire dragon
 16044 | D:15     | Reached XP level 14. HP: 79/118 MP: 17/26
 16318 | D:15     | Found a runed translucent gate.
 16318 | D:15     | Found a runed translucent gate.
 16318 | D:15     | Found a runed translucent gate.
 16323 | D:15     | Noticed Ecaigufucu's ghost (journeyman GrEE)
 16368 | D:15     | Found a staircase to the Depths.
 16380 | D:15     | Identified 2 scrolls of acquirement
 16400 | D:15     | Got a pair of scorched boots
 16411 | D:15     | Identified the +2 pair of boots of Death Resistance {Dex+3}
                  | (You acquired it on level 15 of the Dungeon)
 16660 | D:15     | Reached skill level 10 in Throwing
 16660 | D:15     | Reached skill level 10 in Armour
 16818 | D:15     | Received a gift from Okawaru
 16834 | D:15     | Identified the +0 pair of boots of Lilacs {-Tele Str+6}
                  | (Okawaru gifted it to you on level 15 of the Dungeon)
 17161 | Lair:1   | Entered Level 1 of the Lair of Beasts
 17485 | Lair:1   | Found a gate leading to a gauntlet.
 17491 | Gauntlet | Entered a Gauntlet
 17491 | Gauntlet | Found a transporter.
 17501 | Gauntlet | Found a transporter.
 17509 | Gauntlet | Found a transporter.
 17511 | Gauntlet | Found a transporter.
 17524 | Gauntlet | Found a transporter.
 17531 | Gauntlet | Found a runed translucent door.
 17538 | Gauntlet | Found a transporter.
 17572 | Gauntlet | Noticed a dire elephant
 17579 | Gauntlet | Found a transporter.
 17589 | Gauntlet | Found a transporter.
 17604 | Gauntlet | Found a transporter.
 17613 | Gauntlet | Found a transporter.
 17615 | Gauntlet | Found a transporter.
 17630 | Gauntlet | Found a transporter.
 17684 | Gauntlet | Found a transporter.
 17684 | Gauntlet | Found a transporter.
 17883 | Gauntlet | Reached skill level 10 in Invocations
 18022 | Gauntlet | Got a smoking zirconium amulet
 18024 | Gauntlet | Identified the amulet of Salvation {Acrobat Str+2 Dex+3
                  | Stlth+} (You found it in a Gauntlet)
 18039 | Gauntlet | Identified the +9 flail "Imejoixt" {holy, MR- Int+8}
 18084 | Gauntlet | Identified the Incunabulum of Stones and the Escort
 18653 | Lair:2   | Found a basalt altar of Yredelemnul.
 19210 | Lair:2   | Received a gift from Okawaru
 19214 | Lair:2   | Found a staircase to the Swamp.
 19746 | Lair:3   | Reached XP level 15. HP: 123/124 MP: 28/28
 19753 | Lair:3   | Found a staircase to the Snake Pit.
 20327 | Lair:4   | Found a sparkling altar of Nemelex Xobeh.
 20388 | Lair:4   | Received a gift from Okawaru
 20436 | Lair:4   | Reached skill level 10 in Bows
 21314 | Lair:5   | Noticed Nessos
 21326 | Lair:5   | Killed Nessos
 21415 | Lair:5   | Found a dark tunnel.
 21432 | Volcano  | Entered a volcano
 21456 | Volcano  | Cast into level 2 of the Abyss (a wizard)
 21509 | Abyss:2  | Noticed a tentacled starspawn
 21517 | Abyss:2  | Gained mutation: You are agile. (Dex +2) [a neqoxec]
 21524 | Abyss:2  | Killed a tentacled starspawn
 21592 | Abyss:2  | Noticed a lich
 21598 | Abyss:2  | Killed a lich
 21598 | Abyss:2  | Received a gift from Okawaru
 21619 | Abyss:2  | Received a gift from Okawaru
 21688 | Abyss:2  | Reached skill level 10 in Short Blades
 21688 | Abyss:2  | Reached skill level 10 in Long Blades
 21688 | Abyss:2  | Reached skill level 10 in Axes
 21688 | Abyss:2  | Reached skill level 10 in Maces & Flails
 21688 | Abyss:2  | Reached skill level 10 in Polearms
 21688 | Abyss:2  | Reached skill level 10 in Staves
 21688 | Abyss:2  | Reached skill level 10 in Slings
 21688 | Abyss:2  | Reached skill level 10 in Crossbows
 21688 | Abyss:2  | Reached skill level 10 in Dodging
 21688 | Abyss:2  | Reached skill level 10 in Stealth
 21688 | Abyss:2  | Reached skill level 10 in Shields
 21688 | Abyss:2  | Reached skill level 10 in Unarmed Combat
 21688 | Abyss:2  | Reached skill level 10 in Spellcasting
 21688 | Abyss:2  | Reached skill level 10 in Evocations
 21705 | Abyss:2  | Received a gift from Okawaru
 21710 | Abyss:2  | Got a warped helmet {god gift}
 21711 | Abyss:2  | Identified the +2 helmet "Medusibb" {Regen+ Str+3} (Okawaru
                  | gifted it to you on level 2 of the Abyss)
 21973 | Volcano  | Escaped the Abyss
 22291 | Volcano  | Paralysed by a wizard for 5 turns
 23046 | Lair:6   | Entered Level 6 of the Lair of Beasts
 23046 | Lair:6   | Found a staircase to the Slime Pits.
 23046 | Lair:6   | Noticed Rupert
 23058 | Lair:5   | Killed Rupert
 23094 | Lair:6   | Reached XP level 16. HP: 111/133 MP: 8/30
 23104 | Lair:6   | Received a gift from Okawaru
 23237 | Lair:6   | Found a transporter.
 23792 | Lair:6   | Noticed Dommiel19's ghost (journeyman MiBe)
 23808 | Lair:6   | Identified the ring of Kararank {Ice +Fly Str+3 Slay+2
                  | Stlth+}
 23823 | Lair:6   | Found a transporter.
 23844 | Lair:6   | Killed Dommiel19's ghost
 23844 | Lair:6   | Received a gift from Okawaru
 24813 | Orc:1    | Entered Level 1 of the Orcish Mines
 25088 | Orc:2    | Entered Level 2 of the Orcish Mines
 25131 | Orc:2    | Found a staircase to the Elven Halls.
 25154 | Orc:2    | Found a frozen archway.
 25207 | IceCv    | Entered an ice cave
 25791 | Orc:2    | Found Xakat's General Store.
 25797 | Orc:2    | Found Dyhof's General Store.
 26046 | Orc:2    | Paralysed by an orc sorcerer for 2 turns
 26211 | Orc:2    | Received a gift from Okawaru
 26242 | Orc:2    | Reached XP level 17. HP: 127/140 MP: 13/32
 26276 | Orc:2    | Found Yheilim's Book Shop.
 26276 | Orc:2    | Found Ulen Qei's Antique Armour Boutique.
 26277 | Orc:2    | Found a one-way gate leading to the halls of Pandemonium.
 26312 | Orc:2    | Bought the ring of Fupnu Wikhi {MR+ Slay+3} for 864 gold
                  | pieces
 26386 | Orc:2    | Found a roughly hewn altar of Beogh.
 27167 | Swamp:1  | Entered Level 1 of the Swamp
 27178 | Swamp:1  | Received a gift from Okawaru
 27246 | Swamp:1  | Got a bloodstained arbalest {god gift}
 27247 | Swamp:1  | Identified the +7 arbalest "Isulups" {flame, rElec rPois
                  | Str+4 Int-4} (Okawaru gifted it to you on level 1 of the
                  | Swamp)
 28149 | Swamp:2  | Received a gift from Okawaru
 28794 | Swamp:3  | Received a gift from Okawaru
 29190 | Swamp:3  | Identified the +7 spear "Dragon's Tongue" {distort, rN++
                  | Stlth+}
 29190 | Swamp:3  | Noticed a tentacled starspawn
 29193 | Swamp:3  | Found a transporter.
 29196 | Swamp:3  | Found the ring of Shadows {Umbra +Inv Stlth+}
 29204 | Swamp:3  | Noticed RedPan's ghost (journeyman DrIE)
 29204 | Swamp:3  | Found a one-way gate to the infinite horrors of the Abyss.
 29204 | Swamp:3  | Noticed a tentacled starspawn
 29226 | Swamp:3  | Killed RedPan's ghost
 29232 | Swamp:3  | Killed a tentacled starspawn
 29410 | Swamp:3  | Noticed a tentacled starspawn
 29439 | Swamp:3  | Received a gift from Okawaru
 29615 | Swamp:3  | Found a transporter.
 30085 | Swamp:4  | Entered Level 4 of the Swamp
 30205 | Swamp:4  | Reached skill level 10 in Conjurations
 30205 | Swamp:4  | Reached skill level 10 in Hexes
 30205 | Swamp:4  | Reached skill level 10 in Charms
 30205 | Swamp:4  | Reached skill level 10 in Summonings
 30205 | Swamp:4  | Reached skill level 10 in Necromancy
 30205 | Swamp:4  | Reached skill level 10 in Translocations
 30205 | Swamp:4  | Reached skill level 10 in Transmutations
 30205 | Swamp:4  | Reached skill level 10 in Fire Magic
 30205 | Swamp:4  | Reached skill level 10 in Ice Magic
 30205 | Swamp:4  | Reached skill level 10 in Air Magic
 30205 | Swamp:4  | Reached skill level 10 in Earth Magic
 30205 | Swamp:4  | Reached skill level 10 in Poison Magic
 30230 | Swamp:4  | Reached XP level 18. HP: 62/148 MP: 20/33
 30415 | Swamp:4  | Reached skill level 15 in Fighting
 30766 | Swamp:4  | Got a decaying rune of Zot
 31167 | Swamp:4  | Identified the cursed +0 short sword of Axkemy {protect,
                  | *Corrode Str+3 Dex+4}
 31175 | Swamp:4  | Received a gift from Okawaru
 31778 | Snake:1  | Entered Level 1 of the Snake Pit
 32637 | Snake:1  | Found Woezien's Distillery.
 32649 | Snake:1  | Bought 2 potions of haste for 240 gold pieces
 33443 | Snake:2  | Received a gift from Okawaru
 33640 | Snake:2  | Reached XP level 19. HP: 155/155 MP: 35/35
 33693 | Snake:2  | Received a gift from Okawaru
 33696 | Snake:2  | Identified a +2 pair of boots of running (Okawaru gifted it
                  | to you on level 2 of the Snake Pit)
 34048 | Snake:2  | Got a glittering silver ring
 34049 | Snake:2  | Identified the ring "Xony" {*Tele rElec rN+ Str+2 Slay+2}
                  | (You found it on level 2 of the Snake Pit)
 34560 | Snake:3  | Identified the ring "Zoirist" {Ice +Inv rPois rN+++ Dex-4}
                  | (You found it on level 3 of the Snake Pit)
 34619 | Snake:3  | Found a runed translucent door.
 34619 | Snake:3  | Found a shimmering altar of Xom.
 34619 | Snake:3  | Noticed Izya's ghost (adept GnTm)
 34619 | Snake:3  | Identified the +9 morningstar "Yneruonuysh" {chaos, rElec
                  | MR+ Str+6 Dex-2}
 34680 | Snake:3  | Found Tudiacim's Antique Armour Boutique.
 35006 | Snake:4  | Entered Level 4 of the Snake Pit
 35317 | Snake:4  | Received a gift from Okawaru
 35568 | Snake:4  | Got a serpentine rune of Zot
 35582 | Snake:4  | Received a gift from Okawaru
 36099 | Snake:4  | Reached XP level 20. HP: 164/164 MP: 36/36
 36646 | Vaults:1 | Entered Level 1 of the Vaults
 37050 | Vaults:1 | Found Giolon's Magic Scroll Emporium.
 37054 | Vaults:1 | Bought a scroll of enchant armour for 157 gold pieces
 37403 | Vaults:1 | Found Irelas's Food Shop.
 37414 | Vaults:1 | Found Echy's Book Boutique.
 37497 | Vaults:1 | Received a gift from Okawaru
 37673 | Vaults:1 | Received a gift from Okawaru
 37701 | Vaults:1 | Found Bahye's Gadget Emporium.
 37733 | Vaults:1 | Found Zoejov's Assorted Antiques.
 38582 | Vaults:2 | Reached XP level 21. HP: 127/171 MP: 36/38
 38740 | Vaults:2 | Found a basalt altar of Yredelemnul.
 38916 | Vaults:2 | Found Emed's Gadget Boutique.
 38988 | Vaults:2 | Received a gift from Okawaru
 39475 | Vaults:2 | Found a staircase to the Crypt.
 39735 | Vaults:3 | Received a gift from Okawaru
 40037 | Vaults:3 | Received a gift from Okawaru
 40331 | Vaults:3 | Found Pesean's Gadget Boutique.
 40609 | Vaults:3 | Received a gift from Okawaru
 40786 | Vaults:3 | Reached skill level 15 in Invocations
 41005 | Vaults:3 | Found a large runed translucent door.
 41005 | Vaults:3 | Found a large runed translucent door.
 41005 | Vaults:3 | Found a large runed translucent door.
 41005 | Vaults:3 | Found a large runed translucent door.
 41006 | Vaults:3 | Found a large runed translucent door.
 41006 | Vaults:3 | Found a large runed translucent door.
 41006 | Vaults:3 | Found a large runed translucent door.
 41006 | Vaults:3 | Found a large runed translucent door.
 41006 | Vaults:3 | Noticed Ruit's ghost (veteran MiFi)
 41374 | Vaults:4 | Received a gift from Okawaru
 41375 | Vaults:4 | Found the +3 warlock's mirror {reflect}
 41609 | Vaults:4 | Reached XP level 22. HP: 163/180 MP: 20/40
 42979 | Elf:1    | Entered Level 1 of the Elven Halls
 42991 | Elf:1    | Found Nago's Book Boutique.
 43300 | Elf:1    | Received a gift from Okawaru
 43498 | Elf:1    | Found an ancient bone altar of Kikubaaqudgha.
 43743 | Elf:1    | Received a gift from Okawaru
 43743 | Elf:1    | Reached skill level 15 in Throwing
 43743 | Elf:1    | Reached skill level 15 in Armour
 43975 | Elf:2    | Received a gift from Okawaru
 44054 | Elf:2    | Found Wewucag's Assorted Antiques.
 44069 | Elf:2    | Bought shiny gold dragon scales for 2490 gold pieces
 44111 | Elf:2    | Found a ruined gateway.
 44174 | Desolati | Entered the Desolation of Salt
 44814 | Desolati | Received a gift from Okawaru
 45037 | Desolati | Received a gift from Okawaru
 45285 | Desolati | Received a gift from Okawaru
 45376 | Desolati | Reached XP level 23. HP: 188/188 MP: 41/41
 45864 | Elf:2    | Found a runed translucent gate.
 45864 | Elf:2    | Found a runed translucent gate.
 45864 | Elf:2    | Found a runed translucent gate.
 46183 | Elf:2    | Received a gift from Okawaru
 46316 | Elf:2    | Reached skill level 15 in Bows
 46402 | Elf:2    | Received a gift from Okawaru
 46600 | Elf:3    | Entered Level 3 of the Elven Halls
 46760 | Elf:3    | Received a gift from Okawaru
 46829 | Elf:3    | Identified the +0 pair of boots "Istizud" {*Corrode rElec
                  | rN+ Str+3} (Okawaru gifted it to you on level 3 of the
                  | Elven Halls)
 46847 | Elf:3    | Reached skill level 15 in Short Blades
 46847 | Elf:3    | Reached skill level 15 in Long Blades
 46847 | Elf:3    | Reached skill level 15 in Axes
 46847 | Elf:3    | Reached skill level 15 in Maces & Flails
 46847 | Elf:3    | Reached skill level 15 in Polearms
 46847 | Elf:3    | Reached skill level 15 in Staves
 46847 | Elf:3    | Reached skill level 15 in Slings
 46847 | Elf:3    | Reached skill level 15 in Crossbows
 46847 | Elf:3    | Reached skill level 15 in Dodging
 46847 | Elf:3    | Reached skill level 15 in Stealth
 46847 | Elf:3    | Reached skill level 15 in Shields
 46847 | Elf:3    | Reached skill level 15 in Unarmed Combat
 46847 | Elf:3    | Reached skill level 15 in Spellcasting
 46847 | Elf:3    | Reached skill level 15 in Evocations
 46989 | Elf:3    | Identified the cursed +0 dire flail "Xiebles" {venom, rC+}
 47287 | Elf:3    | Found Itaga's Book Emporium.
 47491 | Elf:3    | Upgraded the game from 0.25-a0-362-g90ccd6aac3 to
                  | 0.25-a0-378-gd2ca0b7745
 47586 | Elf:3    | Identified the amulet "Vumugiri" {Reflect rPois Str-5
                  | Int+10 Dex-2 SH+4} (You found it on level 3 of the Elven
                  | Halls)
 47591 | Elf:3    | Identified the ring of Iduucen {rF- MP+9 Int+6 Dex+2} (You
                  | found it on level 3 of the Elven Halls)
 47677 | Elf:3    | Identified the Incunabulum of the Lucky Arsonist
 48087 | Depths:1 | Entered Level 1 of the Depths
 48168 | Depths:1 | Found a flickering gateway to a bazaar.
 48192 | Bazaar   | Entered a bazaar
 48192 | Bazaar   | Found Ihiokh's Jewellery Boutique.
 48192 | Bazaar   | Found Dimefoe's Antique Armour Boutique.
 48210 | Bazaar   | Found Ynianir's Antique Weapon Emporium.
 48221 | Bazaar   | Found Jyism's General Store.
 48229 | Bazaar   | Found Aholeedu's Distillery.
 48263 | Bazaar   | Bought the ring of Liberty {rPois rF+ rC+ Int+2} for 587
                  | gold pieces
 48319 | Bazaar   | Bought a potion of curing for 27 gold pieces
 48319 | Bazaar   | Bought a potion of curing for 27 gold pieces
 48319 | Bazaar   | Bought a potion of heal wounds for 45 gold pieces
 48435 | Depths:1 | Found a gateway to Hell.
 48574 | Depths:1 | Found Diuriuf's General Store.
 48595 | Depths:1 | Received a gift from Okawaru
 48595 | Depths:1 | Reached XP level 24. HP: 180/196 MP: 34/42
 48734 | Depths:1 | Found Cukhuwyran's Magic Scroll Emporium.
 48734 | Depths:1 | Found Vaitupan's Weapon Shoppe.
 48780 | Depths:1 | Bought a scroll of enchant armour for 142 gold pieces
 48896 | Depths:1 | Received a gift from Okawaru
 49147 | Depths:1 | Found a sparkling altar of Nemelex Xobeh.
 49338 | Depths:2 | Received a gift from Okawaru
 50002 | Depths:2 | Received a gift from Okawaru
 50271 | Depths:2 | Received a gift from Okawaru
 50547 | Depths:2 | Upgraded the game from 0.25-a0-378-gd2ca0b7745 to
                  | 0.25-a0-398-g1920f1ac21
 51194 | Depths:3 | Identified the ring of Sugoceg {Int+6 Stlth-}
 51254 | Depths:3 | Identified the cursed +1 glaive of Gyneuco {chop, rElec}
 51260 | Depths:3 | Received a gift from Okawaru
 51267 | Depths:3 | Reached XP level 25. HP: 140/204 MP: 25/42
 51326 | Depths:3 | Noticed the Enchantress
 51346 | Depths:3 | Killed the Enchantress
 51347 | Depths:3 | Found a radiant altar of Vehumet.
 51401 | Depths:3 | Learned a level 6 spell: Starburst
 51894 | Depths:3 | Identified the Incunabulum of Stolen Souls
 52743 | Depths:4 | Received a gift from Okawaru
 52887 | Depths:4 | Found a runed translucent door.
 53271 | Depths:4 | Noticed a juggernaut
 54125 | Depths:4 | Identified the +4 hand crossbow of Plunder {freeze, rPois
                  | Str+2} (You found it on level 4 of the Depths)
 54130 | Depths:4 | Found a gateway to a ziggurat.
 54176 | Depths:4 | Identified the ring "Ifram" {*Tele rElec rF- rC++ Str+4}
                  | (You found it on level 4 of the Depths)
 54209 | Depths:4 | Identified the cursed +1 dire flail of Ostris {vamp, rF+
                  | Dex+3 Stlth+} (You found it on level 4 of the Depths)
 54372 | Depths:5 | Entered Level 5 of the Depths
 54569 | Depths:5 | Reached XP level 26. HP: 137/213 MP: 30/43
 54574 | Depths:5 | Upgraded the game from 0.25-a0-398-g1920f1ac21 to
                  | 0.25-a0-403-g49d089a364
 54684 | Depths:5 | Found a gate to the Realm of Zot.
 54811 | Depths:5 | Identified the +7 short sword of the Moon {speed, rPois
                  | Str+6}
 55072 | Depths:5 | Paralysed by a sphinx for 3 turns
 55080 | Depths:5 | Received a gift from Okawaru
 55096 | Depths:5 | Identified the ring "Inug" {+Fly rC+ Str+6 Int+3 Stlth-}
                  | (You acquired it on level 5 of the Depths)
 55756 | Vaults:5 | Entered Level 5 of the Vaults
 55781 | Vaults:5 | Received a gift from Okawaru
 56031 | Vaults:5 | Received a gift from Okawaru
 56211 | Vaults:5 | Received a gift from Okawaru
 56418 | Vaults:5 | Identified Sif Muna's Papyrus of Confrontation
 56421 | Vaults:5 | Got a silver rune of Zot
 56422 | Vaults:5 | Identified Puobuz's Handbook of Shifting Flames
 56470 | Vaults:5 | Found Roukoy's Food Emporium.
 56523 | Vaults:5 | Found Vony's Magic Scroll Shop.
 56539 | Vaults:5 | Found Nogiob's Magic Scroll Emporium.
 56543 | Vaults:5 | Bought a scroll of acquirement for 676 gold pieces
 56543 | Vaults:5 | Identified the ring of Equivalence {-Tele rPois rN+ Str+3
                  | Slay+2} (You acquired it on level 5 of the Vaults)
 56599 | Vaults:5 | Received a gift from Okawaru
 56624 | Vaults:5 | Identified the +3 hat "Huitean" {rN+ rCorr Stlth-} (Okawaru
                  | gifted it to you on level 5 of the Vaults)
 56824 | Vaults:5 | Noticed Mara
 56866 | Vaults:5 | Killed Mara
 56866 | Vaults:5 | Reached XP level 27. HP: 148/221 MP: 24/44
 57601 | Vaults:5 | Found Xuyturgh's Distillery.
 57605 | Vaults:5 | Bought a potion of experience for 1050 gold pieces
 57611 | Vaults:5 | Found Goappij's Food Shoppe.
 57687 | Vaults:5 | Received a gift from Okawaru
 57698 | Vaults:5 | Identified the +6 longbow of Woaf {freeze, rElec rPois
                  | Int+4} (Okawaru gifted it to you on level 5 of the Vaults)
 57707 | Vaults:5 | Found Eghuocs's Food Shoppe.
 57707 | Vaults:5 | Found Ankasoputa's Food Boutique.
 57858 | Vaults:5 | Identified the cursed +0 fustibalus of Integrity {velocity,
                  | Str+3 Dex+5} (You found it on level 5 of the Vaults)
 57945 | Vaults:5 | Found Guminav's Food Shop.
 57957 | Vaults:5 | Upgraded the game from 0.25-a0-403-g49d089a364 to
                  | 0.25-a0-547-g27a0b5d1ef
 57977 | Vaults:5 | Upgraded the game from 0.25-a0-547-g27a0b5d1ef to
                  | 0.25-a0-558-g78a2afb0af
 58319 | Zot:1    | Entered Level 1 of the Realm of Zot
 58663 | Zot:1    | Reached skill level 15 in Conjurations
 58663 | Zot:1    | Reached skill level 15 in Hexes
 58663 | Zot:1    | Reached skill level 15 in Charms
 58663 | Zot:1    | Reached skill level 15 in Summonings
 58663 | Zot:1    | Reached skill level 15 in Necromancy
 58663 | Zot:1    | Reached skill level 15 in Translocations
 58663 | Zot:1    | Reached skill level 15 in Transmutations
 58663 | Zot:1    | Reached skill level 15 in Fire Magic
 58663 | Zot:1    | Reached skill level 15 in Ice Magic
 58663 | Zot:1    | Reached skill level 15 in Air Magic
 58663 | Zot:1    | Reached skill level 15 in Earth Magic
 58663 | Zot:1    | Reached skill level 15 in Poison Magic
 58684 | Zot:1    | Received a gift from Okawaru
 58914 | Zot:1    | Received a gift from Okawaru
 58919 | Zot:1    | Identified the +0 pair of boots of Ethics {Str+7} (Okawaru
                  | gifted it to you on level 1 of the Realm of Zot)
 59082 | Zot:1    | Noticed an orb of fire
 59096 | Zot:1    | Lost mutation: You are agile. (Dex +2) [an orb of fire]
 59102 | Zot:1    | Gained mutation: You are frail. (-10% HP) [an orb of fire]
 59104 | Zot:1    | Killed an orb of fire
 59178 | Zot:1    | HP: 7/199 [something/shard of ice (21)]
 59441 | Zot:1    | Found a sparkling altar of Nemelex Xobeh.
 60095 | Zot:2    | HP: 6/200 [yellow draconian/glob of acid (11)]
 60095 | Zot:2    | Splashed by a yellow draconian's acid

Levels and vault maps discovered:
D:1:      ebering_trefoil_3fold, layout_basic
D:2:      layout_rooms, nicolae_dithmenos_shadow_blocks,
          grunt_gozag_breadcrumbs, first_ration, minmay_misc_feat_x
D:3:      layout_basic, uniq_jessica
D:4:      layout_basic, serial_shops, nicolae_shop_crystal, uniq_robin
D:5:      layout_basic, minmay_temple_entry_from_below_a,
          nicolae_ossuary_entry_giza, minivault_11, uniq_grinder, uniq_eustachio
D:6:      layout_loops_ring, serial_shops, kennysheep_little_box,
          hangedman_abyss_or_decor_stagger, kennysheep_small_spiral,
          nicolae_ru_sacrificial_ziggurat
D:7:      statuecave_lemuel, layout_rooms, kennysheep_mini_moat,
          chequers_temple_overflow_statue_of_worship, serial_shops, shop,
          nicolae_shop_statue_plus, shop_fountains, shop
D:8:      layout_loops_corners, blue_anna_alchemist [blue_anna_fruit_fields,
          blue_anna_fruit_fields]
D:9:      layout_basic, grunt_temple_overflow_open, serial_curves,
          eino_curves_02, eino_curves_02, serial_shops,
          nicolae_shop_behind_doors, shop, nicolae_shop_stone, shop_statue
D:10:     layout_basic
D:11:     layout_cave_pods, erik_lair_island, enter_bailey_7,
          minmay_alternating_orb
D:12:     layout_long_grid, orc_0_dummy, uniq_nergalle, uniq_gastronok,
          uniq_urug
D:13:     layout_irregular_city, ximxim_vaults_locker_room
D:14:     layout_loops_ring, roderic_lattice_octagonal_star, basic_altar,
          gammafunk_ghost_berserking_beasts
D:15:     grunt_enter_depths_hoard, layout_rooms, ebering_ghost_rock_garden,
          nicolae_sextant
Temple:   regret_index_temple_waves
Lair:1:   layout_roguey, gauntlet_entry_generic, chequers_serial_rivers_marsh
Lair:2:   layout_small_grid, palyth_hydra_swamp_entry, basic_altar,
          chequers_serial_rivers_micro_b
Lair:3:   layout_regular_city, minmay_snake_entry_guardpost_small,
          grunt_megastairs_2
Lair:4:   layout_roguey, basic_altar, kennysheep_abandoned_house,
          lemuel_fruit_fields
Lair:5:   layout_regular_city, enter_volcano_3, infiniplex_staircase_pool_2,
          uniq_nessos
Lair:6:   due_jungle_book, layout_regular_city, slime_dummy,
          gammafunk_ghost_hive, uniq_rupert
Swamp:1:  layout_basic_swamp, serial_swamp_ruin, hangedman_swamp_ruin_wall,
          evilmike_swamp_ruin_house_2, evilmike_swamp_ruin_house_4,
          st_swamp_ruins_2
Swamp:2:  layout_falls_marsh, evilmike_swamp_ruin_house_6
Swamp:3:  layout_basic_swamp, gammafunk_ghost_abyssal_escape,
          evilmike_swamp_ruin_rubble_2, swamp_pool4, st_swamp_ruins_3,
          infiniplex_staircase_pool
Swamp:4:  swamp_alternative, layout_basic_swamp
Snake:1:  layout_layer_cave, serial_shops, shop
Snake:2:  layout_misc_corridors, hangedman_venom_bottle, serial_bayou_shore_a
Snake:3:  layout_misc_corridors, ebering_ghost_xom, serial_shops, shop_fountains
Snake:4:  snake_pit, layout_gridlike, grunt_megastairs_1
Orc:1:    layout_caves
Orc:2:    pf_orc_diabolical, layout_caves, portal_ice_cave_entry_ice_beasts,
          basic_altar
Elf:1:    minmay_elf_arrival_circle, layout_loops_cross, serial_shops,
          shop_statue, basic_altar, hangedman_elf_disciples
Elf:2:    layout_loops_ring, portal_desolation_entry_ruin, serial_shops, shop
Elf:3:    minmay_elf_hall_hex, layout_geoelf_grid, serial_shops,
          nicolae_shop_trees, chequers_big_river, minivault_20
Vaults:1: v_alt_pattern_2, nicolae_vaults_theta, nicolae_vaults_ninety_degrees,
          hangedman_vaults_stagger, ontoclasm_vaults_misaligned,
          vaults_room_corners, v_rooms_2, hangedman_vaults_cutoff,
          layout_vaults_maze_snakey, serial_shops, shop, shop, shop, shop, shop
Vaults:2: v_misc_25, ontoclasm_vaults_ring_square, hangedman_vaults_locks,
          hangedman_vaults_slither, v_rooms_6, grunt_vaults_twisty,
          hangedman_vaults_variations, vaults_dpeg_encased_lava,
          ontoclasm_vaults_idyll, minmay_crypt_entry_simple_box,
          grunt_vaults_diagonal, layout_vaults_big_cross, basic_altar,
          serial_shops, nicolae_shop_waterfront
Vaults:3: advil_vaults_ghost_lines, v_misc_11, vaults_room_fours,
          vaults_room_fancy_cross, hangedman_vaults_stretched_pinwheel,
          nicolae_vaults_little_squares_5, v_misc_18, v_misc_12, v_misc_14,
          hangedman_vaults_maws, v_misc_31, layout_vaults_omnigrid,
          serial_shops, nicolae_shop_temple_entry_statues_fountains
Vaults:4: v_alt_pattern_4, st_cells, ontoclasm_vaults_ring_square,
          ontoclasm_vaults_ring_square, nicolae_vaults_asterisk,
          hangedman_vaults_stitches, v_misc_32, nicolae_vaults_network_barrier,
          nicolae_vaults_circle_grid_b, v_misc_5, dpeg_vaults_monster_box,
          vaults_mumra_lcd, grunt_vaults_hallway_long, layout_vaults_omnibox
Vaults:5: uniq_mara
Depths:1: layout_gridlike, hangedman_geh_valley, serial_shops,
          bzr_entry_customers, shop, minmay_misc_feat_nine_boxes,
          nemelex_diamond_rough_becter, minmay_shoptagon
Depths:2: hangedman_cross_stitches, layout_gridlike, hell_entry,
          serial_co_window_serial, co_window_corner_a, co_window_paths_a,
          co_window_corner_a, co_window_of_opportunity_a, co_window_paths_a,
          co_window_corner_cb, co_window_of_opportunity_b, co_window_corner_cb,
          glass_columns_a, glass_columns_a, glass_columns_a, glass_columns_c,
          glass_columns_c, abyss_entry_small_statue_room,
          rand_demon_pan_entry_5, minmay_staircase_bubble
Depths:3: grunt_forest_end_shrine, layout_cave_pools,
          hangedman_abyss_entry_splay, pan_entry,
          serial_sigils_hangedman_writhe, hell_entry
Depths:4: box_level_dp, pan_entry, abyss_entry, hell_entry
Depths:5: grunt_zot_entry_bicorn, layout_twisted_cross, pf_coc_iceberg,
          grunt_pan_entry_spiral, serial_bayou_crossing
Zot:1:    layout_misc_corridors, basic_altar
Zot:2:    lemuel_acid_trip, layout_onion_interference

Skill      XL: |  1  2  3  4  5  6  7  8  9 10 11 12 13 14 15 16 17 18 19 20 21 22 23 24 25 26 27 |
---------------+----------------------------------------------------------------------------------+-----
Fighting       | 11 12 13 14 15 16 17 18 19 | 19.7
Invocations    | 1 2 3 4 5 6 7 8 9 10 11 12 13 14 15 16 17 18 19 | 19.0
Short Blades   | 1 2 3 4 5 6 7 8 9 10 11 12 13 14 15 16 17 | 17.7
Long Blades    | 1 2 3 4 5 6 7 8 9 10 11 12 13 14 15 16 17 | 17.7
Axes           | 1 2 3 4 5 6 7 8 9 10 11 12 13 14 15 16 17 | 17.7
Maces & Flails | 1 2 3 4 5 6 7 8 9 10 11 12 13 14 15 16 17 | 17.7
Polearms       | 1 2 3 4 5 6 7 8 9 10 11 12 13 14 15 16 17 | 17.7
Staves         | 1 2 3 4 5 6 7 8 9 10 11 12 13 14 15 16 17 | 17.7
Slings         | 1 2 3 4 5 6 7 8 9 10 11 12 13 14 15 16 17 | 17.7
Crossbows      | 1 2 3 4 5 6 7 8 9 10 11 12 13 14 15 16 17 | 17.7
Dodging        | 1 2 3 4 5 6 7 8 9 10 11 12 13 14 15 16 17 | 17.7
Stealth        | 1 2 3 4 5 6 7 8 9 10 11 12 13 14 15 16 17 | 17.7
Shields        | 1 2 3 4 5 6 7 8 9 10 11 12 13 14 15 16 17 | 17.7
Unarmed Combat | 1 2 3 4 5 6 7 8 9 10 11 12 13 14 15 16 17 | 17.7
Spellcasting   | 1 2 3 4 5 6 7 8 9 10 11 12 13 14 15 16 17 | 17.7
Evocations     | 1 2 3 4 5 6 7 8 9 10 11 12 13 14 15 16 17 | 17.7
Conjurations   | 1 2 3 4 5 6 7 8 9 10 11 12 13 14 15 | 15.3
Hexes          | 1 2 3 4 5 6 7 8 9 10 11 12 13 14 15 | 15.3
Charms         | 1 2 3 4 5 6 7 8 9 10 11 12 13 14 15 | 15.3
Summonings     | 1 2 3 4 5 6 7 8 9 10 11 12 13 14 15 | 15.3
Necromancy     | 1 2 3 4 5 6 7 8 9 10 11 12 13 14 15 | 15.3
Translocations | 1 2 3 4 5 6 7 8 9 10 11 12 13 14 15 | 15.3
Transmutations | 1 2 3 4 5 6 7 8 9 10 11 12 13 14 15 | 15.3
Fire Magic     | 1 2 3 4 5 6 7 8 9 10 11 12 13 14 15 | 15.3
Ice Magic      | 1 2 3 4 5 6 7 8 9 10 11 12 13 14 15 | 15.3
Air Magic      | 1 2 3 4 5 6 7 8 9 10 11 12 13 14 15 | 15.3
Earth Magic    | 1 2 3 4 5 6 7 8 9 10 11 12 13 14 15 | 15.3
Poison Magic   | 1 2 3 4 5 6 7 8 9 10 11 12 13 14 15 | 15.3
Bows           | 3 4 5 6 7 8 9 10 11 12 13 14 15 16 17 | 17.9
Throwing       | 5 6 7 8 9 10 11 12 13 14 15 16 17 18 | 18.1
Armour         | 5 6 7 8 9 10 11 12 13 14 15 16 17 18 | 18.1

Action                   |  1- 3 |  4- 6 |  7- 9 | 10-12 | 13-15 | 16-18 | 19-21 | 22-24 | 25-27 || total
-------------------------+-------+-------+-------+-------+-------+-------+-------+-------+-------++-------
Melee: Dagger            |    13 |       |       |       |       |       |       |       |       ||    13
       Whip              |    39 |     4 |       |       |       |       |       |       |       ||    43
       Bite              |     5 |     8 |    16 |    51 |    12 |   128 |    47 |   135 |   293 ||   695
       Spear             |       |    42 |   106 |    57 |       |       |       |       |       ||   205
       Punch             |       |     1 |     1 |    10 |     4 |    31 |    15 |    59 |   133 ||   254
       Short sword       |       |       |    11 |       |       |       |       |       |       ||    11
       Hand axe          |       |       |       |   108 |       |       |       |       |       ||   108
       Lance             |       |       |       |   122 |     8 |    39 |     3 |    62 |  1044 ||  1278
       Great sword       |       |       |       |    53 |       |       |       |       |       ||    53
       Staff             |       |       |       |       |    55 |   430 |   199 |   478 |   300 ||  1462
       Longbow           |       |       |       |       |       |       |     1 |       |       ||     1
 Fire: Shortbow          |    47 |   124 |   318 |   301 |       |       |       |       |       ||   790
       Longbow           |       |       |       |   213 |  1039 |   992 |  1343 |  1204 |   406 ||  5197
       Triple crossbow   |       |       |       |       |     1 |       |       |       |       ||     1
Throw: Boomerang         |       |       |       |    55 |       |       |       |     6 |       ||    61
       Dart              |       |       |       |     2 |     2 |       |       |    52 |    46 ||   102
 Cast: Starburst         |       |       |       |       |       |       |       |       |    17 ||    17
Invok: Heroism           |       |       |     2 |    10 |     9 |     5 |     2 |     3 |     7 ||    38
       Finesse           |       |       |       |     2 |     8 |     5 |     2 |     3 |     5 ||    25
Evoke: Wand              |       |       |       |     6 |       |       |       |     1 |     6 ||    13
       Lamp of fire      |       |       |       |     1 |     1 |     4 |     3 |     3 |     5 ||    17
       Staff of Olgreb   |       |       |       |       |    32 |   129 |    58 |   132 |    54 ||   405
       Box of beasts     |       |       |       |       |       |       |       |       |     3 ||     3
  Use: Scroll            |     3 |     2 |     7 |     5 |    14 |    10 |     4 |    19 |    16 ||    80
       Potion            |       |       |     7 |     1 |     7 |     4 |       |     2 |     6 ||    27
 Stab: Sleeping          |       |       |     4 |     7 |       |       |       |       |     3 ||    14
       Distracted        |       |       |     1 |       |       |       |       |       |       ||     1
       Invisible         |       |       |       |       |     1 |       |       |    15 |    10 ||    26
       Confused          |       |       |       |       |       |       |       |     3 |       ||     3
  Eat: Chunk             |     1 |     7 |    13 |    21 |    17 |    33 |    20 |    32 |    29 ||   173
       Ration            |       |       |     1 |     4 |     3 |     2 |     1 |     1 |     4 ||    16
Armor: Ring mail         |    26 |    31 |       |       |       |       |       |       |       ||    57
       Scale mail        |       |    27 |    27 |    94 |    43 |       |       |       |       ||   191
       Skin              |       |       |    17 |       |       |       |       |       |       ||    17
       Troll leather arm |       |       |    43 |    82 |       |       |       |       |       ||   125
       Crystal plate arm |       |       |       |       |   237 |   501 |   259 |    75 |       ||  1072
       Gold dragon scale |       |       |       |       |       |       |       |   351 |   712 ||  1063
       Acid dragon scale |       |       |       |       |       |       |       |       |     5 ||     5
       Robe              |       |       |       |       |       |       |       |       |     3 ||     3
Dodge: Dodged            |    32 |    63 |   114 |   565 |   395 |   718 |   462 |   699 |   797 ||  3845
Block: Kite shield       |       |       |       |    44 |       |       |       |       |       ||    44
       Tower shield      |       |       |       |       |       |       |       |       |   202 ||   202
       Rpst.: Great sword |       |       |       |    25 |       |       |       |       |       ||    25

Table legend:
 A = Non-vault XP
 B = Vault XP
 C = Vault XP percentage of total XP
 D = Non-vault monster count
 E = Vault monster count
 F = Vault count percentage of total count
                 A         B        C        D         E       F
            +---------+---------+-------+---------+---------+-------
      Total |  821462 |  630695 |  43.4 |    1577 |     922 |  36.9
            +---------+---------+-------+---------+---------+-------
        D:1 |      43 |       0 |   0.0 |      19 |       0 |   0.0
        D:2 |      97 |       0 |   0.0 |      23 |       0 |   0.0
        D:3 |     128 |      37 |  22.4 |      20 |       1 |   4.8
        D:4 |     310 |      26 |   7.7 |       9 |       7 |  43.8
        D:5 |     655 |     469 |  41.7 |      15 |       5 |  25.0
        D:6 |     659 |       0 |   0.0 |      13 |       0 |   0.0
        D:7 |    2114 |       0 |   0.0 |      27 |       0 |   0.0
        D:8 |    1395 |     100 |   6.7 |      26 |       1 |   3.7
        D:9 |     850 |       0 |   0.0 |      26 |       0 |   0.0
       D:10 |    1219 |       0 |   0.0 |      16 |       0 |   0.0
       D:11 |    5199 |    2827 |  35.2 |      40 |      27 |  40.3
       D:12 |    5338 |    3853 |  41.9 |      33 |       3 |   8.3
       D:13 |    5817 |    3710 |  38.9 |      31 |      11 |  26.2
       D:14 |    7184 |       0 |   0.0 |      21 |       0 |   0.0
       D:15 |   20534 |    2104 |   9.3 |      47 |       2 |   4.1
     Lair:1 |    3018 |       0 |   0.0 |      10 |       0 |   0.0
     Lair:2 |    6276 |    2299 |  26.8 |      16 |       6 |  27.3
     Lair:3 |    1804 |    1333 |  42.5 |       7 |       6 |  46.2
     Lair:4 |    6220 |     594 |   8.7 |      19 |      18 |  48.6
     Lair:5 |    5600 |    4556 |  44.9 |      25 |       4 |  13.8
     Lair:6 |   23749 |    6341 |  21.1 |      58 |      18 |  23.7
    Swamp:1 |    9224 |    6022 |  39.5 |      31 |       8 |  20.5
    Swamp:2 |    9090 |       0 |   0.0 |      33 |       0 |   0.0
    Swamp:3 |   18546 |   13404 |  42.0 |      46 |      12 |  20.7
    Swamp:4 |   17218 |   19233 |  52.8 |      38 |      27 |  41.5
    Snake:1 |   15567 |       0 |   0.0 |      28 |       0 |   0.0
    Snake:2 |   24259 |    6619 |  21.4 |      47 |      19 |  28.8
    Snake:3 |   21990 |       0 |   0.0 |      45 |       0 |   0.0
    Snake:4 |   25384 |   35041 |  58.0 |      50 |      48 |  49.0
      Orc:1 |    2006 |       0 |   0.0 |      21 |       0 |   0.0
      Orc:2 |    1652 |   17384 |  91.3 |      20 |      69 |  77.5
      Elf:1 |   21494 |    7458 |  25.8 |      35 |      13 |  27.1
      Elf:2 |    9836 |   21252 |  68.4 |      15 |      27 |  64.3
      Elf:3 |   23521 |   46680 |  66.5 |      39 |      33 |  45.8
   Vaults:1 |   30034 |   22609 |  42.9 |      68 |      33 |  32.7
   Vaults:2 |   35821 |   24784 |  40.9 |      58 |      49 |  45.8
   Vaults:3 |   21865 |   16484 |  43.0 |      33 |      23 |  41.1
   Vaults:4 |   37999 |   29070 |  43.3 |      46 |      33 |  41.8
   Vaults:5 |   46049 |  129446 |  73.8 |      59 |      88 |  59.9
   Depths:1 |   44644 |     331 |   0.7 |      55 |       4 |   6.8
   Depths:2 |   43824 |   13030 |  22.9 |      64 |      16 |  20.0
   Depths:3 |   55657 |   21168 |  27.6 |      68 |      15 |  18.1
   Depths:4 |   24690 |   69810 |  73.9 |      34 |      65 |  65.7
   Depths:5 |   52666 |   28299 |  35.0 |      47 |      28 |  37.3
      Zot:1 |   76545 |       0 |   0.0 |      45 |       0 |   0.0
      Zot:2 |   35990 |    2618 |   6.8 |      22 |       2 |   8.3
    Abyss:2 |   17682 |       0 |   0.0 |      29 |       0 |   0.0
    Ossuary |       0 |     154 | 100.0 |       0 |      16 | 100.0
     Bailey |       0 |    1189 | 100.0 |       0 |      30 | 100.0
      IceCv |       0 |    3139 | 100.0 |       0 |      26 | 100.0
    Volcano |       0 |    6584 | 100.0 |       0 |      11 | 100.0
 Desolation |       0 |   53752 | 100.0 |       0 |     105 | 100.0
   Gauntlet |       0 |    6886 | 100.0 |       0 |      13 | 100.0
            +---------+---------+-------+---------+---------+-------
